 Dungeon Crawl Stone Soup version 0.23.0 (webtiles) character file.

Game seed: 13149565499340532545

4134 Froggeryz the Cleaver (level 10, -16/139 HPs)
             Began as a Minotaur Fighter on Feb 12, 2019.
             Was a Believer of Okawaru.
             Demolished by a very large slime creature (43 damage)
             ... on level 8 of the Dungeon.
             The game lasted 00:08:21 (5894 turns).

Froggeryz the Cleaver (Minotaur Fighter)            Turns: 5894, Time: 00:08:21

Health: -16/139    AC: 16    Str: 25    XL:     10   Next: 6%
Magic:  9/9        EV: 11    Int:  6    God:    Okawaru [**....]
Gold:   249        SH: 10    Dex: 13    Spells: 9/9 levels left

rFire    + . .     SeeInvis .   a - +1 war axe
rCold    + . .     Gourm    .   c - +0 shield
rNeg     . . .     Faith    .   b - +0 scale mail
rPois    .         Spirit   .   (helmet restricted)
rElec    .         Reflect  .   v - scarf {rC+ rF+}
rCorr    .         Harm     .   p - +2 pair of gloves
MR       .....                  o - +0 pair of boots
Stlth    ..........             k - amulet of rage
HPRegen  0.33/turn              i - +4 ring of evasion
MPRegen  0.11/turn              d - +5 ring of protection

@: berserking (expiring), very quick
A: retaliatory headbutt, horns 2
a: Heroism, Renounce Religion, Evoke Berserk Rage


You were on level 8 of the Dungeon.
You worshipped Okawaru.
Okawaru was pleased with you.
You were very hungry.

You visited 2 branches of the dungeon, and saw 9 of its levels.

You collected 249 gold pieces.

Inventory:

Hand Weapons
 a - a +1 war axe (weapon)
Armour
 b - a +0 scale mail (worn)
 c - a +0 shield (worn)
 o - a +0 pair of boots (worn)
 p - a +2 pair of gloves (worn)
 v - a scarf of resistance (worn)
 x - a +0 cloak
Jewellery
 d - a +5 ring of protection (right hand)
 i - a +4 ring of evasion (left hand)
 k - an amulet of rage (around neck)
 r - an uncursed ring of stealth
 B - an uncursed ring of stealth
 C - a +5 amulet of reflection
Wands
 h - a wand of disintegration (12)
 z - a wand of acid (2)
 D - a wand of iceblast (7)
Scrolls
 e - 2 scrolls of identify
 j - a scroll of summoning {unknown}
 s - 2 scrolls of amnesia
 u - 4 scrolls of enchant weapon
 y - a scroll of enchant armour {unknown}
 A - a scroll of acquirement {unknown}
Potions
 g - 8 potions of lignification
 l - 2 potions of degeneration {unknown}
 m - a potion of brilliance
 n - a potion of resistance {unknown}
 q - 3 potions of flight {unknown}
 t - 2 potions of curing
 w - a potion of cancellation {unknown}
Comestibles
 f - 16 rations


   Skills:
 - Level 10.1 Fighting
 * Level 13.6 Axes
 + Level 4.7 Armour
 + Level 4.7 Shields


You had 9 spell levels left.
You didn't know any spells.
Your spell library contained the following spells:

 Spells                   Type           Power        Failure   Level  Hunger
 Animate Skeleton         Necr           N/A          99%         1    ##.....
 Apportation              Tloc           #.....       99%         1    ##.....
 Confusing Touch          Hex            #.....       99%         1    ##.....
 Sandblast                Erth           #.....       99%         1    ##.....
 Summon Small Mammal      Summ           #...         99%         1    ##.....
 Passwall                 Tmut/Erth      #.......     100%        2    ###....
 Stone Arrow              Conj/Erth      #.....       100%        3    ####...
 Petrify                  Tmut/Erth      #.......     100%        4    #####..
 Lee's Rapid Deconstruct  Erth           #.........   100%        5    ######.


Dungeon Overview and Level Annotations

Branches:
Dungeon (8/15)             Temple (1/1) D:7
   Lair: D:8-11

Altars:
Ashenzari
Cheibriados
Dithmenos
Hepliaklqana
Kikubaaqudgha
Makhleb
Okawaru
Ru
Trog
Uskayaw
Vehumet
Wu Jian
Xom
Yredelemnul
Zin
The Shining One

Annotations:
D:8 1 transporter


Innate Abilities, Weirdness & Mutations

You reflexively headbutt those who attack you in melee.
You have a pair of horns on your head.


Message History

You barely miss the very large slime creature.
The very large slime creature is severely wounded.
You hit the slime creature.
You kill the slime creature!
Okawaru is honoured by your kill.
You have reached level 10!
You slash the slime creature! The very large slime creature hits you!
* * * LOW HITPOINT WARNING * * *
The slime creature hits you!
* * * LOW HITPOINT WARNING * * *
You hit the very large slime creature.
The very large slime creature is severely wounded.
You slash the slime creature!
You kill the slime creature!
Okawaru accepts your kill.
You slice the very large slime creature!!
You headbutt the very large slime creature!!
The very large slime creature is almost dead.
The very large slime creature hits you!!!
You die...

##..##.#..##
#.###.#.###.......
#....(...##
#.###.#.###.#####.
.......#.###
#...#.#.##..#
...........#
###.#.#....##
.........#.# #...#....#
.........#.#.#
#..#..##.#
.........#...###
###..###.#
.........#..##.### ####
#.# ...........##..#@#
#..
..[........#.....J...#
.#.
......>(...###....?###..
.. ..........©##.......#
#..........###.....###
#...[......#|......) ..
#..........##".#.#.$# .
#..........###©###!##
#......)...# ##


You could see a very large slime creature.

Vanquished Creatures
  Maurice (D:8)
  3 slime creatures (D:8)
  Sigmund (D:2)
  A hungry ghost (D:7)
  7 orc warriors
  An ice beast (D:5)
  An ogre (D:5)
  A crocodile (D:5)
  4 centaurs
  4 bullfrogs
  2 scorpions
  4 killer bees (D:8)
  3 wights (D:7)
  A bullfrog zombie (D:5)
  A howler monkey (D:7)
  3 crimson imps
  4 hounds
  6 orc wizards
  A gnoll shaman (D:5)
  3 orc priests
  Natasha (twice) (D:3)
  2 iguanas
  5 worker ants
  A hound skeleton (D:6)
  2 worker ant zombies
  11 adders
  3 gnolls (D:5)
  4 shadow imps
  An ooze (D:3)
  2 worms
  2 dart slugs (D:1)
  4 leopard geckos
  19 orcs
  3 giant cockroaches
  4 goblins
  7 hobgoblins
  11 jackals
  A quokka (D:7)
  A ball python (D:2)
  A ball python skeleton (D:5)
  6 bats
  7 frilled lizards
  2 jackal skeletons
  5 kobolds
  A quokka skeleton (D:5)
  8 rats
167 creatures vanquished.

Notes
Turn   | Place    | Note
-------+----------+-------------------------------------------
     0 | D:1      | Froggeryz the Minotaur Fighter began the quest for the Orb.
     0 | D:1      | Reached XP level 1. HP: 19/19 MP: 0/0
   146 | D:1      | Reached skill level 3 in Axes
   146 | D:1      | Reached XP level 2. HP: 27/27 MP: 1/1
   821 | D:2      | Reached XP level 3. HP: 33/33 MP: 2/2
   838 | D:2      | Reached skill level 4 in Axes
   864 | D:2      | Found a hide-covered altar of Uskayaw.
   967 | D:2      | Noticed Sigmund
   975 | D:2      | Killed Sigmund
   975 | D:2      | Reached skill level 5 in Fighting
   975 | D:2      | Reached skill level 5 in Axes
   975 | D:2      | Reached XP level 4. HP: 31/42 MP: 3/3
   975 | D:2      | Reached XP level 5. HP: 35/48 MP: 4/4
  1048 | D:2      | Reached skill level 6 in Axes
  1167 | D:2      | Found a basalt altar of Yredelemnul.
  1216 | D:2      | Found a shattered altar of Ashenzari.
  1821 | D:3      | Noticed Natasha
  1832 | D:3      | Killed Natasha
  1834 | D:3      | Reached XP level 6. HP: 48/56 MP: 5/5
  2103 | D:3      | Noticed Natasha
  2111 | D:3      | Killed Natasha
  2583 | D:4      | Found an ancient bone altar of Kikubaaqudgha.
  3067 | D:5      | Entered Level 5 of the Dungeon
  3125 | D:5      | Reached skill level 7 in Axes
  3251 | D:5      | Found a burning altar of Makhleb.
  3329 | D:5      | Reached XP level 7. HP: 63/63 MP: 6/6
  3407 | D:5      | Reached skill level 8 in Axes
  3651 | D:5      | Found a shadowy altar of Dithmenos.
  3748 | D:6      | Reached skill level 9 in Axes
  3774 | D:6      | Reached XP level 8. HP: 60/73 MP: 7/7
  4196 | D:6      | Reached skill level 10 in Axes
  4348 | D:6      | Found a radiant altar of Vehumet.
  4456 | D:7      | Found a glowing golden altar of the Shining One.
  4470 | D:7      | Found a shimmering altar of Xom.
  4503 | D:7      | Reached skill level 11 in Axes
  4542 | D:7      | Found a hazy altar of Hepliaklqana.
  4564 | D:7      | Reached XP level 9. HP: 45/82 MP: 8/8
  4927 | D:7      | Reached skill level 12 in Axes
  4997 | D:7      | Found a staircase to the Ecumenical Temple.
  5008 | Temple   | Entered the Ecumenical Temple
  5021 | Temple   | Became a worshipper of Warmaster Okawaru
  5280 | D:7      | Found a glowing silver altar of Zin.
  5431 | D:8      | Reached skill level 10 in Fighting
  5435 | D:8      | Reached skill level 13 in Axes
  5481 | D:8      | Found a transporter.
  5556 | D:8      | Found a transporter.
  5559 | D:8      | Noticed Maurice
  5571 | D:8      | Killed Maurice
  5571 | D:8      | Reached * piety under Okawaru
  5892 | D:8      | Reached XP level 10. HP: 50/93 MP: 9/9
  5893 | D:8      | Reached ** piety under Okawaru
  5894 | D:8      | Demolished by a very large slime creature

Skill      XL: |  1  2  3  4  5  6  7  8  9 |
---------------+----------------------------+-----
Axes           | 3 5 6 7 9 11 13 | 13.6
Fighting       | 4 5 6 7 8 10 | 10.1
Armour         | 4 |  4.7
Shields        | 4 |  4.7

Action                   |  1- 3 |  4- 6 |  7- 9 | 10-12 || total
-------------------------+-------+-------+-------+-------++-------
Melee: War axe           |    50 |   140 |   269 |     2 ||   461
       Headbutt          |     3 |    19 |    53 |     1 ||    76
 Abil: Evoke Berserk Rag |       |       |     1 |       ||     1
  Use: Scroll            |     4 |     4 |     3 |       ||    11
       Potion            |     1 |     1 |     2 |       ||     4
  Eat: Chunk             |       |     7 |    11 |       ||    18
Armor: Scale mail        |    26 |    58 |   107 |       ||   191
       Skin              |       |       |     3 |       ||     3
Dodge: Dodged            |    15 |    57 |   112 |       ||   184
Block: Shield            |    32 |    55 |   138 |       ||   225
